 Dungeon Crawl Stone Soup version 0.27.1-3-gb3d3a73c9e (webtiles) character file.

Game seed: 15415057420471348772

23 ABBCCCDDDD the Grasshopper (level 2, -2/39 HPs)
             Began as a Gnoll Warper on Oct 15, 2021.
             Slain by Natasha (6 damage)
             ... on level 2 of the Dungeon.
             The game lasted 00:01:20 (1406 turns).

ABBCCCDDDD the Grasshopper (Gnoll Warper)           Turns: 1406, Time: 00:01:21

Health: -2/39      AC:  5    Str: 10    XL:     2   Next: 95%
Magic:  7/7        EV: 11    Int: 12    God:
Gold:   38         SH:  0    Dex: 11    Spells: 8/10 levels left

rFire    . . .     SeeInvis .   a - +0 mace
rCold    . . .     Faith    .   (no shield)
rNeg     . . .     Spirit   .   h - +0 ring mail
rPois    .         Reflect  .   (no helmet)
rElec    .         Harm     .   (no cloak)
rCorr    .         Rampage  .   (no gloves)
Will     .....                  (no boots)
Stlth    ..........             (no amulet)
HPRegen  0.13/turn              (no ring)
MPRegen  0.10/turn              (no ring)

@: berserking (expiring), very quick
A: fangs 1, strong nose, distributed training
a: no special abilities


You were on level 2 of the Dungeon.
You visited 1 branch of the dungeon, and saw 2 of its levels.

You collected 38 gold pieces.

Inventory:

Hand Weapons
 a - a +0 mace (weapon)
Missiles
 d - 5 boomerangs of dispersal (quivered)
Armour
 h - a +0 ring mail (worn)
Scrolls
 c - a scroll of blinking
 e - a scroll of identify {unknown}
Potions
 b - 2 potions of heal wounds {unknown}
 f - a potion of berserk rage
 g - a potion of haste {unknown}


   Skills:
 + Level 4.5 Fighting
 + Level 0.5 Short Blades
 + Level 0.5 Long Blades
 + Level 0.5 Axes
 + Level 4.5 Maces & Flails
 + Level 0.5 Polearms
 + Level 0.5 Staves
 + Level 0.5 Slings
 + Level 0.5 Bows
 + Level 0.5 Crossbows
 + Level 2.5 Throwing
 + Level 2.5 Armour
 + Level 4.5 Dodging
 + Level 0.5 Stealth
 + Level 0.5 Shields
 + Level 0.5 Unarmed Combat
 + Level 4.9 Spellcasting
 + Level 0.4 Conjurations
 + Level 0.4 Hexes
 + Level 0.4 Summonings
 + Level 0.4 Necromancy
 + Level 5.4 Translocations
 + Level 0.4 Transmutations
 + Level 0.4 Fire Magic
 + Level 0.4 Ice Magic
 + Level 0.4 Air Magic
 + Level 0.4 Earth Magic
 + Level 0.4 Poison Magic
 + Level 0.7 Invocations
 + Level 0.5 Evocations


You had 8 spell levels left.
You knew the following spells:

 Your Spells              Type           Power      Damage    Failure   Level
a - Blink                 Tloc           N/A        N/A       9%          2

Your spell library contained the following spells:

 Spells                   Type           Power      Damage    Failure   Level
 Gell's Gravitas          Tloc           7%         N/A       16%         3
 Lesser Beckoning         Tloc           7%         N/A       16%         3
 Teleport Other           Tloc           15%        N/A       16%         3
 Magic Dart               Conj           12%        1d3       38%         1
 Searing Ray              Conj           6%         3d3       54%         2
 Manifold Assault         Tloc           15%        N/A       83%         5
 Fulminant Prism          Conj/Hex       1%         3d6       99%         4


Dungeon Overview and Level Annotations

Branches:
Dungeon (2/15)

Altars:

Annotations:
D:1 1 exclusion
D:2 Natasha


Innate Abilities, Weirdness & Mutations

You have very sharp teeth.
Your uncanny sense of smell can sniff out nearby items.
Your experience applies equally to all skills.


Message History

You are too injured to fight recklessly!
You are too injured to fight recklessly!
You completely miss Natasha.
Natasha is severely wounded.
Natasha howls an incantation.
Natasha glows brightly for a moment.
Natasha claws you.
* * * LOW HITPOINT WARNING * * *
Natasha barely misses you.
You barely miss Natasha.
Natasha is severely wounded.
Natasha closely misses you.
You hit Natasha but do no damage.
Natasha is severely wounded.
Natasha claws you.
* * * LOW HITPOINT WARNING * * *
You barely miss Natasha.
Natasha is severely wounded.
Natasha claws you.
* * * LOW HITPOINT WARNING * * *
It was a potion of berserk rage.
A red film seems to cover your vision as you go berserk!
You feel yourself moving faster!
You feel mighty!
Natasha stares at you and mumbles some strange words.
You resist with significant effort.
You hit Natasha.
Natasha is severely wounded.
Natasha closely misses you.
You closely miss Natasha.
Natasha is severely wounded.
Natasha barely misses you.
You closely miss Natasha.
Natasha is severely wounded.
Natasha closely misses you.
You closely miss Natasha.
Natasha is severely wounded.
You closely miss Natasha.
Natasha is severely wounded.
Natasha claws you.
You die...

......# ##.##.#
#.# .....# #..#..#
#.# #...###.##.##
#.##
#.(....##.####...#
#......##......#
###....#.....#####
#....#..##....#
#.##.##.##..#....#
# #@##.##......##
#h##.##...##.#
.S##.....## ...
#.####.#..# #.# #.
...## .# #. .. ..
#.


You could see Natasha and a ball python.

Levels and vault maps discovered:
D:1:      amcnicky_arrival_single_pillar, layout_rooms, serial_aquarium,
          aquarium_bridge_island_small [aquarium_subvault_small_open,
          aquarium_subvault_bridge, aquarium_subvault_balcony,
          aquarium_subvault_wall, aquarium_subvault_bridge],
          aquarium_window_fake, aquarium_window_2, aquarium_window_2,
          aquarium_view_2e, aquarium_view_2d, aquarium_balcony_5b,
          aquarium_pool_2, serial_bayou_pond_e, lemuel_flame_loot_1
D:2:      layout_rooms, uniq_natasha

Notes
Turn   | Place    | Note
-------+----------+-------------------------------------------
     0 | D:1      | ABBCCCDDDD the Gnoll Warper began the quest for the Orb.
     0 | D:1      | Reached XP level 1. HP: 20/20 MP: 6/6
    78 | D:1      | Reached XP level 2. HP: 19/26 MP: 7/7
  1059 | D:1      | Learned a level 2 spell: Blink
  1388 | D:2      | Noticed Natasha
  1406 | D:2      | Slain by Natasha

Table legend: (Time is in decaauts)
 A = Elapsed time spent in this place.
 B = Non-inter-level travel time spent in this place.
 C = Inter-level travel time spent in this place.
 D = Time resting spent in this place.
 E = Time spent auto-exploring this place.
 F = Levels seen in this place.
 G = Mean time per level.
                   A        B        C        D        E       F      G
               +--------+--------+--------+--------+--------+-----+--------+
         Total |   1416 |   1369 |     47 |    508 |    671 |   2 |  708.0 |
       Dungeon |   1416 |   1369 |     47 |    508 |    671 |   2 |  708.0 |
               +--------+--------+--------+--------+--------+-----+--------+

Top non-repeatable levels by time:
     D:1: 1337 daAuts
     D:2: 79 daAuts

Table legend:
 A = Kills in this place as a percentage of kills in entire the game.
 B = Kills by you in this place as a percentage of kills by you in the entire game.
 C = Kills by friends in this place as a percentage of kills by friends in the entire game.
 D = Other kills in this place as a percentage of other kills in the entire game.
 E = Experience gained in this place as a percentage of experience gained in the entire game.
 F = Experience gained in this place divided by the number of levels of this place that you have seen.
                   A       B       C       D       E      F
               +-------+-------+-------+-------+-------+----------------------
         Total | 100.0 | 100.0 |   N/A |   N/A | 100.0 |  16.5
       Dungeon | 100.0 | 100.0 |   N/A |   N/A | 100.0 |  16.5
               +-------+-------+-------+-------+-------+----------------------

Action                   || total
-------------------------++-------
Melee: Mace              ||    70
       Bite              ||     4
  Use: Potion            ||     1
Armor: Leather armour    ||    16
       Ring mail         ||     3
Dodge: Dodged            ||    44

Vanquished Creatures
  2 endoplasms (D:1)
  A giant cockroach (D:1)
  4 goblins (D:1)
  4 hobgoblins
  A kobold (D:1)
  2 ball pythons (D:1)
  2 bats (D:1)
  3 frilled lizards (D:1)
  2 rats (D:1)
21 creatures vanquished.

Vanquished Creatures (others)
  A goblin (D:1)
1 creature vanquished.

Grand Total: 22 creatures vanquished
